 Dungeon Crawl Stone Soup version 0.30-a0-141-g30f27751c5 (webtiles) character file.

Game seed: 11636629210647457029

834 qw the Chopper (level 7, -3/44 HPs)
             Began as a Gargoyle Fighter on Sept 25, 2022.
             Slain by a gnoll sergeant
             ... wielding a +0 spear
              (5 damage)
             ... on level 5 of the Dungeon.
             The game lasted 00:01:30 (4538 turns).

qw the Chopper (Gargoyle Fighter)                   Turns: 4538, Time: 00:01:31

Health: -3/44      AC: 19    Str: 21    XL:     7   Next: 98%
Magic:  7/7        EV:  6    Int:  9    God:
Gold:   171        SH:  4    Dex:  9    Spells: 6/6 levels left

rFire   . . .      SeeInvis .    Y - +1 war axe (drain)
rCold   . . .      Faith    .    c - +0 buckler
rNeg    + . .      Spirit   .    g - +0 plate armour
rPois   inf        Reflect  .    (helmet restricted)
rElec   +          Harm     .    m - +1 cloak
rCorr   .          Rampage  .    (no gloves)
Will    .....                    (no boots)
Stlth   ..........               (no amulet)
HPRegen 0.14/turn                (no ring)
MPRegen 0.10/turn                (no ring)

@: about to teleport
A: sickness immunity, AC +4, negative energy resistance 1, electricity
resistance, torment resistance 1, petrification resistance, horns 1, sturdy
frame 1
a: no special abilities


You were on level 5 of the Dungeon.
You visited 1 branch of the dungeon, and saw 5 of its levels.

You collected 318 gold pieces.
You spent 147 gold pieces at shops.


Innate Abilities, Weirdness & Mutations

You are immune to sickness and miasma.
Your stone body is resilient. (AC +4)
You are immune to poison.
You resist negative energy. (rN+)
You are resistant to electric shocks. (rElec)
You are resistant to unholy torment.
You are immune to petrification.
You have a pair of small horns on your head.
Your movements are slightly less encumbered by armour. (ER -2)


   Skills:
 + Level 4.8 Fighting
 - Level 7.1 Axes
 - Level 4.4 Armour
 - Level 3.2 Shields


You had 6 spell levels left.
You didn't know any spells.
Your spell library was empty.

Inventory:

Hand Weapons
 p - a +2 hammer of venom
 Y - a +1 war axe of draining (weapon)
Missiles
 a - 7 boomerangs (quivered)
Armour
 c - a +0 buckler (worn)
 g - a +0 plate armour (worn)
 m - a +1 cloak (worn)
Scrolls
 k - 2 scrolls of teleportation
 o - 2 scrolls of identify
Potions
 d - 2 potions of might
 e - a potion of attraction
 h - a potion of haste
 j - a potion of heal wounds {unknown}
 l - 3 potions of curing
 n - a potion of berserk rage {unknown}

Dungeon Overview and Level Annotations

Branches:
Dungeon (5/15)
 Temple: D:4-7

Altars:

Shops:
D:2 *

Annotations:
D:4 1 runed translucent door, Crazy Yiuf


Message History

You see here a +0 flail.
You hit the gnoll sergeant. You drain the gnoll sergeant.
The gnoll sergeant is lightly wounded.
The gnoll sergeant hits you but does no damage.
You closely miss the gnoll sergeant. You headbutt the gnoll sergeant.
The gnoll sergeant is moderately wounded.
You hit the gnoll. The gnoll barely misses you.
The gnoll sergeant hits you with a +0 spear.
The gnoll sergeant blocks your attack.
The gnoll sergeant is moderately wounded.
You hit the gnoll. The gnoll hits you with a +0 flail.
The gnoll sergeant hits you but does no damage.
You barely miss the gnoll sergeant.
The gnoll sergeant is moderately wounded.
You hit the gnoll.
The gnoll hits you from afar with a +0 halberd.
The gnoll barely misses you.
The gnoll sergeant hits you but does no damage.
You barely miss the gnoll. You headbutt the gnoll.
The gnoll is almost dead.
The gnoll sergeant blocks your attack. The gnoll barely misses you.
The gnoll hits you with a +0 flail!
The gnoll sergeant hits you with a +0 spear.
The gnoll hits you but does no damage.
The gnoll sergeant hits you but does no damage.
The gnoll hits you but does no damage.
You barely miss the gnoll.
The gnoll is almost dead.
The gnoll sergeant blocks your attack.
The gnoll hits you from afar with a +0 halberd!
The gnoll closely misses you.
The gnoll sergeant hits you but does no damage.
4538 ||| READING 3 scrolls of teleportation.
As you read the scroll of teleportation, it crumbles to dust.
You feel strangely unstable.
The gnoll hits you but does no damage. x2
The gnoll sergeant hits you with a +0 spear.
You die...

### ##### .. .. ####...#
.#####. #.....)# #..
.....?.?###.##.>.#
##.#####...#...g@...###.##
#..........#.##g##### #.#
#..##........ #g ###.#####
#..##..#..... ..
##.......# #..#.....#<#
##. #......#.#
#............ ..
#..#.#.#.# #........#...
.. #........# ........## .
.. #..##..#.# .....#.....
#......#.#


You could see a gnoll sergeant (drained) and 2 gnolls.

Vanquished Creatures
  Menkaure (D:4)
  An ogre (D:4)
  2 phantoms
  4 scorpions (D:5)
  An orc priest (D:3)
  2 hounds
  An iguana (D:4)
  2 gnolls
  5 adders
  2 ufetubi (D:4)
  A worm (D:2)
  4 orcs
  6 ball pythons
  6 bats
  6 endoplasms
  3 giant cockroaches
  6 goblins
  7 hobgoblins
  5 quokkas
  A frilled lizard (D:3)
  4 kobolds
  7 rats
77 creatures vanquished.

Notes
Turn   | Place    | Note
-------+----------+-------------------------------------------
     0 | D:1      | qw the Gargoyle Fighter began the quest for the Orb.
     0 | D:1      | Reached XP level 1. HP: 14/14 MP: 1/1
     0 | D:1      | 0 ||| qw: Version: 0.2-a-10-g399e6c4
     0 | D:1      | 0 ||| qw: Game counter: 168
     0 | D:1      | 0 ||| qw: Always use a shield: true
     0 | D:1      | 0 ||| qw: God list: Okawaru
     0 | D:1      | 0 ||| qw: Allow faded altars: false
     0 | D:1      | 0 ||| qw: Do Orc after D:15 true
     0 | D:1      | 0 ||| qw: Do second Lair branch before Depths: true
     0 | D:1      | 0 ||| qw: Lair rune preference: random
     0 | D:1      | 0 ||| qw: Plans: Normal, Zot:1-4, God:TSO, Crypt, Tomb,
                  | Pan, Slime:5, Hells, Abyss, Orb
     0 | D:1      | 0 ||| PLANNING D:1-11
    18 | D:1      | 18 ||| Stepping ~*~*~tactically~*~*~ (stealth).
    28 | D:1      | Reached skill level 2 in Axes
    28 | D:1      | Reached XP level 2. HP: 12/19 MP: 2/2
   139 | D:1      | Found a faded altar of an unknown god.
   307 | D:1      | Reached skill level 3 in Axes
   424 | D:1      | 424 ||| DROPPING +0 club.
   563 | D:1      | Reached XP level 3. HP: 23/23 MP: 3/3
   859 | D:1      | 859 ||| UPGRADING to +0 plate armour.
   869 | D:1      | 869 ||| DROPPING +0 scale mail.
   870 | D:1      | 870 ||| READING scroll labelled QASUOSISAS.
   871 | D:1      | 871 ||| READING scroll labelled DIVETUL GAMIUROLIF.
   872 | D:1      | 872 ||| READING scroll labelled FALECR FUASIKK.
  1001 | D:2      | 1001 ||| Stepping ~*~*~tactically~*~*~ (stealth).
  1324 | D:2      | 1324 ||| FLEEEEING.
  1325 | D:2      | 1325 ||| FLEEEEING.
  1326 | D:2      | 1326 ||| FLEEEEING.
  1327 | D:2      | 1327 ||| FLEEEEING.
  1328 | D:2      | 1328 ||| FLEEEEING.
  1329 | D:2      | 1329 ||| FLEEEEING.
  1330 | D:2      | 1330 ||| FLEEEEING.
  1331 | D:2      | 1331 ||| FLEEEEING.
  1332 | D:2      | 1332 ||| FLEEEEING.
  1333 | D:2      | 1333 ||| FLEEEEING.
  1334 | D:2      | 1334 ||| FLEEEEING.
  1335 | D:2      | 1335 ||| STAIRDANCE
  1397 | D:1      | 1397 ||| READING scroll labelled XIAKUSAQULL.
  1398 | D:1      | 1398 ||| READING scroll labelled YSTRAOX EL MISI.
  1403 | D:2      | Reached XP level 4. HP: 27/28 MP: 4/4
  1552 | D:2      | 1552 ||| Stepping ~*~*~tactically~*~*~ (stealth).
  1559 | D:2      | Reached skill level 4 in Axes
  1562 | D:2      | Found Semos's Assorted Antiques.
  1569 | D:2      | 1569 ||| BUYING potion of might (84 gold).
  1569 | D:2      | Bought a potion of might for 84 gold pieces
  1569 | D:2      | 1569 ||| SHOPLISTING runed scarf (168 gold, have 91).
  1569 | D:2      | 1569 ||| BUYING scroll labelled APSUPNASAXT (21 gold).
  1569 | D:2      | Bought a scroll labelled APSUPNASAXT for 21 gold pieces
  1569 | D:2      | 1569 ||| BUYING scroll labelled BOVIXT PARAXOUST (21 gold).
  1569 | D:2      | Bought a scroll labelled BOVIXT PARAXOUST for 21 gold
                  | pieces
  1569 | D:2      | 1569 ||| BUYING scroll labelled FAITSE VENESHA (21 gold).
  1569 | D:2      | Bought a scroll labelled FAITSE VENESHA for 21 gold pieces
  1569 | D:2      | 1569 ||| SHOPLISTING scroll of brand weapon (199 gold, have
                  | 28).
  1798 | D:2      | 1798 ||| Stepping ~*~*~tactically~*~*~ (stealth).
  1911 | D:2      | 1911 ||| READING scroll labelled APSUPNASAXT.
  1912 | D:2      | 1912 ||| READING scroll labelled BOVIXT PARAXOUST.
  1913 | D:2      | 1913 ||| READING scroll labelled FAITSE VENESHA.
  1918 | D:2      | 1918 ||| READING scroll labelled QERAURR XUTEOHET.
  2278 | D:3      | Reached XP level 5. HP: 10/32 MP: 5/5
  2310 | D:3      | 2310 ||| FLEEEEING.
  2311 | D:3      | 2311 ||| FLEEEEING.
  2312 | D:3      | 2312 ||| FLEEEEING.
  2314 | D:3      | 2314 ||| STAIRDANCE
  2494 | D:2      | 2494 ||| UPGRADING to +0 cloak.
  2499 | D:2      | 2499 ||| DROPPING amulet of faith.
  2500 | D:2      | 2500 ||| READING scroll labelled WIK GOKESU.
  2501 | D:2      | 2501 ||| DRINKING 3 brown potions.
  2668 | D:3      | 2668 ||| UPGRADING to +0 helmet.
  2673 | D:3      | 2673 ||| READING scroll labelled KAYTHAROOQ.
  2774 | D:3      | 2774 ||| DRINKING 2 fuming dark potions.
  2775 | D:3      | 2775 ||| DRINKING 2 glowing white potions.
  2775 | D:3      | Gained mutation: You are vulnerable to cold. (rC-) [potion
                  | of mutation]
  2775 | D:3      | Gained mutation: You are weak. (Str -2) [potion of
                  | mutation]
  2775 | D:3      | Lost mutation: You are weak. (Str -2) [potion of mutation]
  2776 | D:3      | 2776 ||| DRINKING potion of mutation.
  2776 | D:3      | Lost mutation: You are vulnerable to cold. (rC-) [potion of
                  | mutation]
  2776 | D:3      | Gained mutation: Your movements are slightly less
                  | encumbered by armour. (ER -2) [potion of mutation]
  2776 | D:3      | Gained mutation: You have a pair of small horns on your
                  | head. [potion of mutation]
  2777 | D:3      | 2777 ||| DROPPING +0 helmet.
  2896 | D:4      | Noticed a phantom
  2908 | D:4      | Killed a phantom
  2909 | D:4      | Reached skill level 5 in Axes
  3043 | D:4      | Reached XP level 6. HP: 20/37 MP: 6/6
  3794 | D:4      | 3794 ||| DROPPING +0 whip.
  3797 | D:4      | Found a runed translucent door.
  3798 | D:4      | Noticed Crazy Yiuf
  3807 | D:4      | 3807 ||| Stepping ~*~*~tactically~*~*~ (stealth).
  3821 | D:4      | Noticed Menkaure
  3822 | D:4      | 3822 ||| Stepping ~*~*~tactically~*~*~ (hiding).
  3835 | D:4      | Killed Menkaure
  3836 | D:4      | Reached skill level 6 in Axes
  3836 | D:4      | Reached XP level 7. HP: 15/44 MP: 7/7
  4223 | D:4      | 4223 ||| READING scroll labelled CERASO SEIHYCH.
  4224 | D:4      | 4224 ||| DRINKING 2 purple potions.
  4225 | D:4      | 4225 ||| DRINKING 2 lumpy blue potions.
  4226 | D:4      | 4226 ||| READING 2 scrolls of identify.
  4226 | D:4      | 4226 ||| IDENTIFYING fizzy silvery potion
  4227 | D:4      | 4227 ||| DROPPING potion of ambrosia.
  4228 | D:4      | 4228 ||| DROPPING potion of brilliance.
  4261 | D:5      | Entered Level 5 of the Dungeon
  4269 | D:5      | 4269 ||| Stepping ~*~*~tactically~*~*~ (stealth).
  4271 | D:5      | 4271 ||| Stepping ~*~*~tactically~*~*~ (stealth).
  4272 | D:5      | 4272 ||| Stepping ~*~*~tactically~*~*~ (stealth).
  4273 | D:5      | 4273 ||| Stepping ~*~*~tactically~*~*~ (stealth).
  4274 | D:5      | 4274 ||| Stepping ~*~*~tactically~*~*~ (stealth).
  4289 | D:5      | 4289 ||| Stepping ~*~*~tactically~*~*~ (stealth).
  4290 | D:5      | 4290 ||| Stepping ~*~*~tactically~*~*~ (stealth).
  4384 | D:5      | 4384 ||| READING scroll of enchant armour.
  4384 | D:5      | 4384 ||| ENCHANTING +0 cloak.
  4388 | D:5      | 4388 ||| Stepping ~*~*~tactically~*~*~ (stealth).
  4421 | D:5      | 4421 ||| Stepping ~*~*~tactically~*~*~ (stealth).
  4424 | D:5      | 4424 ||| Stepping ~*~*~tactically~*~*~ (stealth).
  4506 | D:5      | Reached skill level 7 in Axes
  4524 | D:5      | 4524 ||| Stepping ~*~*~tactically~*~*~ (hiding).
  4537 | D:5      | HP: 2/44 [gnoll/+0 halberd[a gnoll sergeant] (11)]
  4538 | D:5      | 4538 ||| READING 3 scrolls of teleportation.
  4538 | D:5      | Slain by a gnoll sergeant

Levels and vault maps discovered:
D:1:      elethiomel_arrival_quiet, layout_rooms,
          ebering_ecumenical_altar_petrified, serial_corexii_hall,
          corexii_hall_statues_l, corexii_hall_statues_i, chequers_garden
D:2:      layout_loops_ring, serial_shops, nicolae_shop_trees,
          minmay_increasing_density
D:3:      layout_basic, hangedman_decor_peaks_small, nrook_campfire
D:4:      layout_basic, uniq_menkaure, uniq_crazy_yiuf_cottage
D:5:      layout_loops_cross, minmay_temple_entry_sparse_star, serial_shops,
          nicolae_shop_crystal

Skill      XL: |  1  2  3  4  5  6  7 |
---------------+----------------------+-----
Axes           | 2 3 4 5 6 7 |  7.1
Fighting       | 4 |  4.8
Armour         | 4 |  4.4
Shields        | |  3.2

Action                   |  1- 3 |  4- 6 |  7- 9 || total
-------------------------+-------+-------+-------++-------
Melee: War axe           |    85 |   120 |    39 ||   244
       Headbutt          |       |     5 |     6 ||    11
Throw: Boomerang         |       |    56 |    17 ||    73
  Use: Scroll            |     5 |     6 |     4 ||    15
       Potion            |       |     4 |     2 ||     6
Armor: Scale mail        |    26 |       |       ||    26
       Plate armour      |    27 |    92 |    25 ||   144
Dodge: Dodged            |    27 |    33 |    11 ||    71
Block: Buckler           |    19 |    22 |     4 ||    45

Table legend:
 A = Non-vault XP
 B = Vault XP
 C = Vault XP percentage of total XP
 D = Non-vault monster count
 E = Vault monster count
 F = Vault count percentage of total count
                 A         B        C        D         E       F
            +---------+---------+-------+---------+---------+-------
      Total |     985 |     207 |  17.4 |      69 |       8 |  10.4
            +---------+---------+-------+---------+---------+-------
        D:1 |      38 |       0 |   0.0 |      14 |       0 |   0.0
        D:2 |      34 |      38 |  52.8 |      13 |       7 |  35.0
        D:3 |      74 |       0 |   0.0 |      21 |       0 |   0.0
        D:4 |     344 |     169 |  32.9 |      13 |       1 |   7.1
        D:5 |     495 |       0 |   0.0 |       8 |       0 |   0.0
            +---------+---------+-------+---------+---------+-------
